 Dungeon Crawl Stone Soup version 0.31.0-11-ge490571c62 (webtiles) character file.

Game seed: 684237876162715879

194 Arcadio the Digger (level 5, -1/28 HPs)
             Began as a Gargoyle Earth Elementalist on Jan 27, 2024.
             Was an Initiate of Sif Muna.
             Slain by Edmund
             ... wielding a +0 dire flail of protection
              (8 damage)
             ... on level 4 of the Dungeon.
             The game lasted 00:05:24 (2403 turns).

Arcadio the Digger (Gargoyle Earth Elementalist)    Turns: 2403, Time: 00:05:25

Health: -1/28      AC:  6    Str: 14    XL:     5   Next: 73%
Magic:  6/10       EV: 11    Int: 18    God:    Sif Muna [......]
Gold:   146        SH:  0    Dex: 10    Spells: 2/10 levels left

rFire   . . .        i - +8 hand axe of Sunlight {speed, Str+3}
rCold   . . .        (no shield)
rNeg    + . .        a - +0 robe
rPois   ∞            (no helmet)
rElec   +            (no cloak)
rCorr   .            (no gloves)
SInv    .            (no boots)
Will    .....        (no amulet)
Stlth   ++           (no ring)
HPRegen 0.24/turn    (no ring)
MPRegen 0.12/turn

%: no passive effects
@: no status effects
A: sickness immunity, AC +4, negative energy resistance 1, electricity
resistance, torment resistance 1, petrification resistance
a: Renounce Religion


You were on level 4 of the Dungeon.
You worshipped Sif Muna.
Sif Muna was noncommittal.
You visited 1 branch of the dungeon, and saw 4 of its levels.

You collected 146 gold pieces.

Inventory:

Hand Weapons
 h - a +0 short sword
 i - the +8 hand axe of Sunlight (weapon) {speed, Str+3}
   (You found it on level 2 of the Dungeon)

   Str+3:     It affects your strength (+3).
Armour
 a - a +0 robe (worn)
 j - a +0 chain mail
Wands
 p - a wand of polymorph (6)
Scrolls
 c - a scroll of fog {unknown}
 d - 4 scrolls of identify {unknown}
 e - a scroll of amnesia {unknown}
 g - 3 scrolls of teleportation
 k - a scroll of torment {unknown}
 m - a scroll of immolation {unknown}
 n - a scroll of enchant weapon {unknown}
Potions
 b - 2 potions of magic
 f - a potion of mutation {unknown}
 l - 2 potions of curing {unknown}
 o - a potion of might {unknown}
 q - a potion of haste {unknown}


   Skills:
 + Level 3.2 Armour
 - Level 1.5 Dodging
 - Level 2.1 Stealth
 + Level 3.4 Spellcasting
 - Level 1.1 Conjurations
 + Level 5.2 Earth Magic


You had 2 spell levels left.
You knew the following spells:

 Your Spells              Type           Power      Damage    Failure   Level
a - Sandblast             Erth           42%        2d11      1%          1
b - Stone Arrow           Conj/Erth      28%        3d8       13%         3
c - Brom's Barrelling Bo  Conj/Erth      14%        2d4       38%         4

Your spell library contained the following spells:

 Spells                   Type           Power      Damage    Failure   Level
 Passwall                 Erth           21%        N/A       5%          3
 Tukima's Dance           Hex            3%         N/A       43%         3
 Petrify                  Alch/Erth      12%        N/A       47%         4
 Iskenderun's Mystic Bla  Conj/Tloc      5%         2d3       77%         4
 Dimensional Bullseye     Hex/Tloc       1%         N/A       83%         4
 Irradiate                Conj/Alch      2%         3d12      98%         5
 Sublimation of Blood     Necr           Unusable   N/A       N/A         2

Dungeon Overview and Level Annotations

Branches:
Dungeon (4/15)
 Temple: D:4-7

Altars:
Hepliaklqana
Kikubaaqudgha
Makhleb
Okawaru
Qazlal
Sif Muna
Trog
Wu Jian
The Shining One

Shops:
D:1 (   D:3 (

Annotations:
D:4 Edmund


Innate Abilities, Weirdness & Mutations

You are immune to sickness and miasma.
Your stone body is resilient. (AC +4)
You are immune to poison.
You resist negative energy. (rN+)
You are resistant to electric shocks. (rElec)
You are resistant to unholy torment.
You are immune to petrification.


Message History

Edmund is moderately wounded.
Edmund hits you with a +0 dire flail of protection!
Casting: Sandblast (safe; 1% risk of failure)
Confirm with . or Enter, or press ? or * to list all spells.
Aiming: Sandblast (safe; 1% risk of failure)
Press: ? - help, Shift-Dir - straight line, f - Edmund
Aim: Edmund, wielding a +0 dire flail of protection and wearing a +0 ring mail of cold resistance (moderately wounded, 85% to hit)
The blast of sand hits Edmund but does no damage.
Edmund is moderately wounded.
Edmund completely misses you.
Casting: Sandblast (safe; 1% risk of failure)
Confirm with . or Enter, or press ? or * to list all spells.
Aiming: Sandblast (safe; 1% risk of failure)
Press: ? - help, Shift-Dir - straight line, f/p - Edmund
Aim: Edmund, wielding a +0 dire flail of protection and wearing a +0 ring mail of cold resistance (moderately wounded, 85% to hit)
The blast of sand hits Edmund but does no damage.
Edmund is moderately wounded.
Edmund hits you but does no damage.
Edmund hits you with a +0 dire flail of protection.
Casting: Sandblast (safe; 1% risk of failure)
Confirm with . or Enter, or press ? or * to list all spells.
Aiming: Sandblast (safe; 1% risk of failure)
Press: ? - help, Shift-Dir - straight line, f/p - Edmund
Aim: Edmund, wielding a +0 dire flail of protection and wearing a +0 ring mail of cold resistance (moderately wounded, 85% to hit)
The blast of sand hits Edmund but does no damage.
Edmund is moderately wounded.
Edmund hits you with a +0 dire flail of protection.
Casting: Sandblast (safe; 1% risk of failure)
Confirm with . or Enter, or press ? or * to list all spells.
Aiming: Sandblast (safe; 1% risk of failure)
Press: ? - help, Shift-Dir - straight line, f/p - Edmund
Aim: Edmund, wielding a +0 dire flail of protection and wearing a +0 ring mail of cold resistance (moderately wounded, 85% to hit)
The blast of sand hits Edmund but does no damage.
Edmund is moderately wounded.
Edmund barely misses you.
Edmund hits you with a +0 dire flail of protection.
Edmund attacks as he pursues you!
Edmund hits you with a +0 dire flail of protection!
You die...
Edmund says, "I'd like to see a scythe do that!"

#8.#.#.#)#._##.#.#.##
##_#.#_###_###.##.##
####### ### #.####
#.# #.# #.# #.#
#.#.########.#
#....@@......#
###.########## #.#
#.# #.# #.# #.# #.


You could see Edmund.

Vanquished Creatures
  2 orc wizards (D:3)
  7 adders
  2 dart slugs (D:2)
  4 ribbon worms
  3 orcs (D:3)
  4 endoplasms
  5 giant cockroaches
  5 goblins
  4 hobgoblins
  4 kobolds
  A quokka (D:1)
  7 ball pythons
  5 bats
  10 frilled lizards
  4 rats
67 creatures vanquished.

Notes
Turn   | Place    | Note
-------+----------+-------------------------------------------
     0 | D:1      | Arcadio the Gargoyle Earth Elementalist began the quest for
                  | the Orb.
     0 | D:1      | Reached XP level 1. HP: 10/10 MP: 3/3
   115 | D:1      | Reached XP level 2. HP: 15/15 MP: 0/5
   187 | D:1      | Reached skill level 1 in Armour
   295 | D:1      | Reached skill level 4 in Earth Magic
   355 | D:1      | Found Otash's Antique Weapon Shoppe.
   468 | D:1      | Reached XP level 3. HP: 19/19 MP: 6/6
   498 | D:1      | Learned a level 3 spell: Stone Arrow
  1139 | D:2      | Reached XP level 4. HP: 24/24 MP: 3/8
  1144 | D:2      | Identified the +8 hand axe of Sunlight {speed, Str+3}
  1481 | D:2      | Learned a level 4 spell: Brom's Barrelling Boulder
  1625 | D:3      | Found an ancient bone altar of Kikubaaqudgha.
  1630 | D:3      | Reached XP level 5. HP: 8/28 MP: 9/9
  1635 | D:3      | Reached skill level 5 in Earth Magic
  1762 | D:3      | Found a faded altar of an unknown god.
  1847 | D:3      | Found Hashroero's Weapon Shop.
  2101 | D:3      | Found a hazy altar of Hepliaklqana.
  2304 | D:4      | Found a bloodstained altar of Trog.
  2307 | D:4      | Found an ornate altar of the Wu Jian Council.
  2311 | D:4      | Found an iron altar of Okawaru.
  2311 | D:4      | Found a stormy altar of Qazlal.
  2311 | D:4      | Found a shimmering blue altar of Sif Muna.
  2312 | D:4      | Found a burning altar of Makhleb.
  2315 | D:4      | Found a glowing golden altar of the Shining One.
  2325 | D:4      | Became a worshipper of Sif Muna the Loreminder
  2390 | D:4      | Noticed Edmund
  2403 | D:4      | Slain by Edmund

Illustrated notes

Levels and vault maps discovered:
D:1:      wander_arrival_fairy_ring, layout_loops_ring, serial_shops, shop
D:2:      layout_basic
D:3:      layout_basic, mainiacjoe_overflow_alcove_2,
          worldfamousw_hep_ancestral_shrine,
          shapermc_ecumenical_altar_starsandcircs, serial_shops,
          nicolae_shop_bloodbath_and_beyond, kennysheep_another_room
D:4:      layout_loops_ring, minitemple, minmay_temple_entry_slanted,
          uniq_edmund, uniq_robin

Skill      XL: |  1  2  3  4  5 |
---------------+----------------+-----
Armour         | 1 2 3 |  3.2
Earth Magic    | 4 5 |  5.2
Spellcasting   | 3 |  3.4
Dodging        | |  1.5
Stealth        | |  2.1
Conjurations   | |  1.1

Action                     |  1- 3 |  4- 6 || total
---------------------------+-------+-------++-------
  Melee: Unarmed           |     9 |       ||     9
         Short sword       |    30 |       ||    30
         Hand axe          |       |    47 ||    47
   Cast: Sandblast         |    34 |    20 ||    54
    Use: Scroll            |       |     2 ||     2
   Stab: Sleeping          |     1 |     4 ||     5
 Armour: Robe              |    22 |    32 ||    54
  Dodge: Dodged            |    19 |    31 ||    50
